[ AOE2 MATCH · #503644351 ]
UnrankedPersians vs Jurchens
[ REPLAY ANALYSIS · EXTRACTED FROM THE RECORDED GAME ]
Feudal
13:28
Castle
17:02
Imperial
—
| APM avg | 31.7 |
| APM peak | 58 |
| eAPM avg | 17.5 |
| Villagers / military | 84 / 12 |
Focus
⚔️ 24.0% · 🌾 76.0%
Fishing Ship ×20 · Knight ×7 · Monk ×2 · Spearman ×2 · Unknown (2626) ×2 · Mangonel ×1
Feudal
15:50
Castle
20:10
Imperial
—
| APM avg | 71.6 |
| APM peak | 119 |
| eAPM avg | 18.8 |
| Villagers / military | 130 / 0 |
Focus
⚔️ 27.9% · 🌾 72.1%
Unknown (1911) ×82 · Fishing Ship ×32
Feudal
14:03
Castle
18:08
Imperial
36:57
| APM avg | 45.7 |
| APM peak | 84 |
| eAPM avg | 21.3 |
| Villagers / military | 124 / 61 |
Focus
⚔️ 29.5% · 🌾 70.5%
Conquistador ×55 · Fishing Ship ×13 · Monk ×6
Feudal
15:20
Castle
18:55
Imperial
38:00
| APM avg | 26.0 |
| APM peak | 39 |
| eAPM avg | 12.6 |
| Villagers / military | 73 / 38 |
Focus
⚔️ 27.2% · 🌾 72.8%
Conquistador ×33 · Fishing Ship ×21 · Mangonel ×2 · Battering Ram ×2 · Missionary ×1
Feudal
11:46
Castle
22:50
Imperial
36:31
| APM avg | 39.7 |
| APM peak | 81 |
| eAPM avg | 18.9 |
| Villagers / military | 123 / 49 |
Focus
⚔️ 25.7% · 🌾 74.3%
Fishing Ship ×27 · Knight ×24 · Camel Scout ×9 · Scout Cavalry ×6 · Spearman ×4 · Battering Ram ×4
Feudal
12:56
Castle
17:12
Imperial
—
| APM avg | 44.0 |
| APM peak | 130 |
| eAPM avg | 16.9 |
| Villagers / military | 88 / 28 |
Focus
⚔️ 12.8% · 🌾 87.2%
Woad Raider ×28 · Fishing Ship ×8
Match map
Initial resources + every placement click. Lines = walls · curves = elevation contours. ◆ gold · ⬟ stone · ● berries · ✦ relic · ◌ wall gap
Your base· Open — 7t gap
羅敏莊's base· ✓ Closed at 20:10 · 72t walls · no gate
GrimLOL's base· ✓ Closed at 18:08 · 45t walls · no gate
局長's base· Open — unwalled flank
chiching818's base· Open — unwalled flank
PinkPanther's base· Open — 12t gap
Smoothed initial terrain · ◌ = detected wall gap · hover for details
Inputs per minute
— [KOF] santander - - 羅敏莊
Build order — [KOF] santander
First 150 of 184 actions detected
| 0:05 | Build | Town Center |
| 0:51 | Build | House |
| 0:55 | Build | Palisade Wall |
| 1:40 | Build | Dock |
| 2:28 | Queue | Villager (Male) |
| 2:29 | Queue | Villager (Male) |
| 2:29 | Queue | Villager (Male) |
| 2:29 | Queue | Villager (Male) |
| 2:29 | Queue | Villager (Male) |
| 2:29 | Queue | Villager (Male) |
| 2:41 | Queue | Fishing Ship |
| 4:03 | Build | House |
| 4:22 | Queue | Villager (Male) |
| 4:23 | Queue | Villager (Male) |
| 4:32 | Research | Loom |
| 4:32 | Research | Loom |
| 4:50 | Queue | Fishing Ship |
| 4:50 | Queue | Fishing Ship |
| 4:50 | Queue | Fishing Ship |
| 4:52 | Build | Palisade Wall |
| 4:54 | Build | Palisade Wall |
| 5:16 | Build | House |
| 5:18 | Queue | Villager (Male) |
| 5:18 | Queue | Villager (Male) |
| 5:18 | Queue | Villager (Male) |
| 5:36 | Queue | Villager (Male) |
| 5:37 | Queue | Villager (Male) |
| 5:37 | Queue | Villager (Male) |
| 5:37 | Queue | Villager (Male) |
| 5:58 | Queue | Fishing Ship |
| 6:19 | Queue | Villager (Male) |
| 6:19 | Queue | Villager (Male) |
| 6:41 | Queue | Fishing Ship |
| 6:42 | Queue | Fishing Ship |
| 6:42 | Queue | Fishing Ship |
| 6:43 | Queue | Villager (Male) |
| 6:43 | Queue | Villager (Male) |
| 7:04 | Queue | Villager (Male) |
| 7:05 | Queue | Villager (Male) |
| 7:05 | Queue | Villager (Male) |
| 7:05 | Queue | Villager (Male) |
| 7:09 | Queue | Fishing Ship |
| 7:09 | Queue | Fishing Ship |
| 7:18 | Build | House |
| 7:30 | Queue | Villager (Male) |
| 7:43 | Queue | Fishing Ship |
| 7:43 | Queue | Fishing Ship |
| 7:44 | Queue | Fishing Ship |
| 8:16 | Build | House |
| 8:22 | Queue | Villager (Male) |
| 8:26 | Queue | Fishing Ship |
| 8:47 | Queue | Villager (Male) |
| 8:47 | Queue | Villager (Male) |
| 9:01 | Build | Mill |
| 9:18 | Build | House |
| 9:24 | Queue | Villager (Male) |
| 9:35 | Build | Palisade Wall |
| 9:56 | Queue | Villager (Male) |
| 10:05 | Build | Palisade Wall |
| 10:12 | Queue | Fishing Ship |
| 10:16 | Build | Palisade Wall |
| 10:29 | Build | House |
| 10:37 | Queue | Villager (Male) |
| 10:55 | Queue | Fishing Ship |
| 10:58 | Queue | Villager (Male) |
| 11:06 | Build | Palisade Wall |
| 11:07 | Build | Palisade Wall |
| 11:18 | Research | Feudal Age |
| 11:18 | Research | Feudal Age |
| 11:18 | Research | Feudal Age |
| 11:36 | Build | Dock |
| 11:50 | Build | Mining Camp |
| 12:29 | Queue | Villager (Male) |
| 12:29 | Queue | Villager (Male) |
| 12:30 | Queue | Villager (Male) |
| 13:28 | Age | Feudal Age |
| 13:33 | Build | Market |
| 13:44 | Build | Blacksmith |
| 14:31 | Research | Castle Age |
| 14:31 | Research | Castle Age |
| 14:31 | Research | Castle Age |
| 14:38 | Build | Palisade Wall |
| 14:40 | Build | Palisade Wall |
| 14:44 | Build | Palisade Wall |
| 15:10 | Build | Palisade Wall |
| 15:12 | Build | Palisade Wall |
| 15:22 | Build | Barracks |
| 15:58 | Build | Stable |
| 16:11 | Queue | Unit 2626 |
| 16:15 | Queue | Unit 2626 |
| 16:32 | Build | House |
| 16:36 | Build | Palisade Wall |
| 17:02 | Age | Castle Age |
| 17:06 | Queue | Knight |
| 17:06 | Queue | Knight |
| 17:28 | Build | Palisade Wall |
| 17:43 | Queue | Knight |
| 18:07 | Queue | Fishing Ship |
| 18:07 | Queue | Fishing Ship |
| 18:11 | Research | Tech 906 |
| 18:11 | Queue | Fishing Ship |
| 18:12 | Queue | Fishing Ship |
| 18:21 | Queue | Villager (Male) |
| 18:21 | Queue | Villager (Male) |
| 18:21 | Queue | Villager (Male) |
| 18:22 | Queue | Villager (Male) |
| 18:28 | Build | Lumber Camp |
| 18:34 | Queue | Knight |
| 18:55 | Build | House |
| 19:16 | Research | Wheelbarrow |
| 19:23 | Queue | Knight |
| 19:24 | Queue | Knight |
| 19:24 | Queue | Knight |
| 19:33 | Queue | Spearman |
| 19:33 | Queue | Spearman |
| 19:38 | Build | Watch Tower |
| 20:16 | Build | Lumber Camp |
| 20:50 | Build | Town Center |
| 22:12 | Build | Monastery |
| 22:46 | Queue | Monk |
| 22:46 | Queue | Monk |
| 22:53 | Queue | Villager (Male) |
| 22:53 | Queue | Villager (Male) |
| 22:54 | Queue | Villager (Male) |
| 22:54 | Queue | Villager (Male) |
| 23:55 | Research | Fletching |
| 23:55 | Research | Fletching |
| 23:56 | Research | Fletching |
| 24:20 | Queue | Villager (Male) |
| 24:20 | Queue | Villager (Male) |
| 24:21 | Queue | Villager (Male) |
| 24:25 | Build | Siege Workshop |
| 25:07 | Queue | Mangonel |
| 26:05 | Queue | Villager (Male) |
| 26:05 | Queue | Villager (Male) |
| 26:05 | Queue | Villager (Male) |
| 28:07 | Build | Town Center |
| 30:34 | Build | Dock |
| 30:39 | Queue | Villager (Male) |
| 30:39 | Queue | Villager (Male) |
| 30:39 | Queue | Villager (Male) |
| 30:40 | Queue | Villager (Male) |
| 30:40 | Queue | Villager (Male) |
| 30:40 | Queue | Villager (Male) |
| 30:41 | Queue | Villager (Male) |
| 30:41 | Queue | Villager (Male) |
| 31:30 | Queue | Villager (Male) |
| 31:30 | Queue | Villager (Male) |
| 32:45 | Build | Town Center |
| 32:51 | Queue | Villager (Male) |
Build order — 羅敏莊
First 150 of 347 actions detected
| 0:04 | Build | Town Center |
| 0:44 | Build | Dock |
| 0:45 | Build | House |
| 1:23 | Build | House |
| 2:27 | Queue | Villager (Male) |
| 2:27 | Queue | Villager (Male) |
| 2:27 | Queue | Villager (Male) |
| 2:28 | Queue | Villager (Male) |
| 2:28 | Queue | Villager (Male) |
| 2:28 | Queue | Villager (Male) |
| 3:01 | Research | Loom |
| 3:01 | Queue | Villager (Male) |
| 3:02 | Queue | Villager (Male) |
| 3:02 | Queue | Villager (Male) |
| 3:33 | Build | House |
| 3:45 | Queue | Villager (Male) |
| 3:45 | Queue | Villager (Male) |
| 4:35 | Queue | Fishing Ship |
| 4:44 | Build | House |
| 5:04 | Queue | Villager (Male) |
| 5:39 | Queue | Villager (Male) |
| 5:39 | Queue | Villager (Male) |
| 5:39 | Queue | Villager (Male) |
| 5:57 | Queue | Fishing Ship |
| 6:03 | Queue | Villager (Male) |
| 6:10 | Build | House |
| 6:33 | Queue | Villager (Male) |
| 6:34 | Queue | Villager (Male) |
| 6:39 | Build | House |
| 6:55 | Queue | Villager (Male) |
| 6:55 | Queue | Villager (Male) |
| 7:15 | Queue | Fishing Ship |
| 7:34 | Queue | Villager (Male) |
| 7:34 | Queue | Villager (Male) |
| 7:53 | Queue | Villager (Male) |
| 7:53 | Queue | Villager (Male) |
| 7:54 | Queue | Villager (Male) |
| 7:54 | Queue | Fishing Ship |
| 8:02 | Queue | Villager (Male) |
| 8:02 | Queue | Villager (Male) |
| 8:38 | Queue | Villager (Male) |
| 8:39 | Queue | Villager (Male) |
| 8:43 | Queue | Fishing Ship |
| 8:49 | Build | Mill |
| 8:55 | Build | Palisade Wall |
| 9:17 | Build | House |
| 9:24 | Queue | Villager (Male) |
| 9:45 | Queue | Villager (Male) |
| 9:50 | Queue | Fishing Ship |
| 9:59 | Queue | Villager (Male) |
| 10:09 | Build | House |
| 10:14 | Build | House |
| 10:21 | Queue | Villager (Male) |
| 10:35 | Build | House |
| 10:36 | Build | House |
| 10:39 | Build | Palisade Wall |
| 10:42 | Queue | Villager (Male) |
| 10:57 | Queue | Villager (Male) |
| 11:07 | Queue | Fishing Ship |
| 11:13 | Build | House |
| 11:16 | Build | House |
| 11:59 | Build | Mining Camp |
| 12:15 | Build | Palisade Wall |
| 12:19 | Build | Palisade Wall |
| 12:27 | Queue | Villager (Male) |
| 12:29 | Queue | Fishing Ship |
| 13:02 | Build | Palisade Wall |
| 13:08 | Queue | Villager (Male) |
| 13:21 | Research | Feudal Age |
| 13:43 | Queue | Villager (Male) |
| 13:50 | Build | Palisade Wall |
| 14:20 | Queue | Villager (Male) |
| 14:52 | Queue | Villager (Male) |
| 15:25 | Build | Palisade Wall |
| 15:29 | Build | House |
| 15:50 | Age | Feudal Age |
| 15:53 | Queue | Villager (Male) |
| 15:53 | Queue | Villager (Male) |
| 16:02 | Build | Barracks |
| 16:08 | Build | Blacksmith |
| 16:14 | Build | Palisade Wall |
| 16:25 | Research | Gold Mining |
| 16:53 | Build | Archery Range |
| 17:25 | Build | Archery Range |
| 17:28 | Research | Castle Age |
| 17:28 | Research | Castle Age |
| 18:01 | Research | Arson |
| 18:32 | Research | Padded Archer Armor |
| 19:26 | Queue | Villager (Male) |
| 20:10 | Age | Castle Age |
| 20:11 | Queue | Unit 1911 |
| 20:12 | Queue | Unit 1911 |
| 20:15 | Research | Squires |
| 20:18 | Queue | Villager (Male) |
| 20:23 | Build | Town Center |
| 20:30 | Build | Town Center |
| 20:34 | Queue | Unit 1911 |
| 20:34 | Queue | Unit 1911 |
| 20:37 | Research | Leather Archer Armor |
| 20:42 | Queue | Villager (Male) |
| 20:42 | Queue | Villager (Male) |
| 21:00 | Queue | Unit 1911 |
| 21:00 | Queue | Unit 1911 |
| 21:01 | Queue | Unit 1911 |
| 21:01 | Queue | Unit 1911 |
| 21:01 | Queue | Unit 1911 |
| 21:01 | Queue | Unit 1911 |
| 21:09 | Build | Dock |
| 21:35 | Research | Tech 906 |
| 21:35 | Research | Tech 906 |
| 22:09 | Queue | Unit 1911 |
| 22:09 | Queue | Unit 1911 |
| 22:09 | Queue | Unit 1911 |
| 22:09 | Queue | Unit 1911 |
| 22:10 | Queue | Villager (Male) |
| 22:10 | Queue | Villager (Male) |
| 22:11 | Queue | Villager (Male) |
| 22:26 | Queue | Fishing Ship |
| 22:30 | Queue | Villager (Male) |
| 22:36 | Build | House |
| 22:37 | Build | House |
| 22:37 | Build | House |
| 22:37 | Build | House |
| 22:38 | Build | House |
| 22:38 | Build | House |
| 22:50 | Queue | Unit 1911 |
| 22:50 | Queue | Unit 1911 |
| 23:17 | Queue | Villager (Male) |
| 23:17 | Queue | Villager (Male) |
| 23:19 | Queue | Unit 1911 |
| 23:19 | Queue | Unit 1911 |
| 23:26 | Build | Palisade Gate |
| 23:29 | Queue | Unit 1911 |
| 23:30 | Queue | Unit 1911 |
| 23:33 | Queue | Villager (Male) |
| 23:33 | Queue | Villager (Male) |
| 23:33 | Queue | Villager (Male) |
| 23:34 | Queue | Villager (Male) |
| 23:36 | Queue | Fishing Ship |
| 23:37 | Queue | Fishing Ship |
| 23:45 | Queue | Unit 1911 |
| 23:46 | Queue | Unit 1911 |
| 24:02 | Queue | Villager (Male) |
| 24:02 | Queue | Villager (Male) |
| 24:06 | Queue | Fishing Ship |
| 24:06 | Queue | Fishing Ship |
| 24:16 | Queue | Unit 1911 |
| 24:17 | Queue | Unit 1911 |
| 24:18 | Queue | Villager (Male) |
| 24:18 | Queue | Villager (Male) |
Build order — GrimLOL
First 150 of 319 actions detected
| 0:14 | Build | Town Center |
| 1:44 | Build | Dock |
| 1:45 | Build | House |
| 2:34 | Queue | Villager (Male) |
| 2:34 | Queue | Villager (Male) |
| 2:34 | Queue | Villager (Male) |
| 2:35 | Queue | Villager (Male) |
| 2:35 | Queue | Villager (Male) |
| 3:59 | Build | House |
| 4:11 | Queue | Fishing Ship |
| 4:12 | Queue | Fishing Ship |
| 4:37 | Queue | Villager (Male) |
| 4:37 | Queue | Villager (Male) |
| 4:46 | Build | House |
| 5:05 | Queue | Villager (Male) |
| 5:05 | Queue | Villager (Male) |
| 5:42 | Queue | Villager (Male) |
| 5:42 | Queue | Villager (Male) |
| 5:42 | Queue | Villager (Male) |
| 5:56 | Queue | Fishing Ship |
| 5:56 | Queue | Fishing Ship |
| 6:12 | Queue | Villager (Male) |
| 6:12 | Queue | Villager (Male) |
| 6:16 | Build | House |
| 6:37 | Queue | Villager (Male) |
| 6:38 | Queue | Villager (Male) |
| 6:48 | Queue | Fishing Ship |
| 6:48 | Queue | Fishing Ship |
| 7:04 | Queue | Villager (Male) |
| 7:04 | Queue | Villager (Male) |
| 7:24 | Queue | Fishing Ship |
| 7:26 | Queue | Villager (Male) |
| 7:27 | Queue | Villager (Male) |
| 7:33 | Build | House |
| 7:44 | Queue | Villager (Male) |
| 7:44 | Queue | Villager (Male) |
| 7:54 | Queue | Fishing Ship |
| 8:09 | Build | House |
| 8:11 | Queue | Villager (Male) |
| 8:11 | Queue | Villager (Male) |
| 8:11 | Queue | Villager (Male) |
| 8:40 | Build | House |
| 8:41 | Queue | Fishing Ship |
| 8:47 | Queue | Villager (Male) |
| 8:47 | Queue | Villager (Male) |
| 9:11 | Queue | Villager (Male) |
| 9:11 | Queue | Villager (Male) |
| 9:20 | Build | Mill |
| 9:34 | Queue | Villager (Male) |
| 9:34 | Queue | Villager (Male) |
| 9:35 | Queue | Villager (Male) |
| 9:35 | Queue | Villager (Male) |
| 9:36 | Queue | Villager (Male) |
| 9:36 | Queue | Villager (Male) |
| 9:45 | Queue | Fishing Ship |
| 9:45 | Queue | Fishing Ship |
| 9:59 | Build | House |
| 10:03 | Queue | Villager (Male) |
| 10:16 | Queue | Villager (Male) |
| 10:24 | Build | Palisade Wall |
| 10:25 | Build | Palisade Wall |
| 10:39 | Queue | Villager (Male) |
| 10:45 | Build | Mining Camp |
| 11:07 | Queue | Villager (Male) |
| 11:18 | Build | Palisade Wall |
| 11:22 | Build | Mining Camp |
| 11:42 | Research | Feudal Age |
| 11:42 | Research | Feudal Age |
| 11:48 | Build | Palisade Wall |
| 12:09 | Build | House |
| 12:23 | Build | Palisade Wall |
| 12:24 | Build | Palisade Wall |
| 12:27 | Build | Palisade Wall |
| 12:29 | Build | Palisade Wall |
| 12:43 | Build | House |
| 12:45 | Build | Palisade Wall |
| 13:07 | Queue | Villager (Male) |
| 13:11 | Queue | Fishing Ship |
| 13:37 | Build | Palisade Wall |
| 13:51 | Queue | Villager (Male) |
| 14:03 | Age | Feudal Age |
| 14:06 | Build | Blacksmith |
| 14:39 | Build | Market |
| 14:42 | Build | Palisade Wall |
| 15:03 | Queue | Villager (Male) |
| 15:26 | Research | Castle Age |
| 15:26 | Research | Castle Age |
| 15:30 | Build | Dock |
| 15:33 | Queue | Villager (Male) |
| 15:58 | Research | Town Watch |
| 16:19 | Build | Lumber Camp |
| 16:59 | Research | Double-Bit Axe |
| 16:59 | Research | Double-Bit Axe |
| 17:00 | Queue | Villager (Male) |
| 17:21 | Research | Tech 906 |
| 17:58 | Queue | Villager (Male) |
| 18:08 | Age | Castle Age |
| 18:15 | Build | Castle |
| 18:17 | Queue | Villager (Male) |
| 18:19 | Build | Monastery |
| 18:25 | Research | Bow Saw |
| 18:26 | Queue | Villager (Male) |
| 18:30 | Research | Gillnets |
| 18:47 | Queue | Monk |
| 18:59 | Queue | Villager (Male) |
| 19:11 | Queue | Villager (Male) |
| 19:20 | Build | Farm |
| 19:21 | Build | Farm |
| 19:23 | Build | Farm |
| 19:27 | Build | Farm |
| 19:32 | Queue | Conquistador |
| 19:33 | Queue | Conquistador |
| 19:49 | Research | Padded Archer Armor |
| 19:49 | Queue | Villager (Male) |
| 19:50 | Queue | Villager (Male) |
| 19:54 | Build | Farm |
| 19:56 | Build | Farm |
| 20:14 | Queue | Villager (Male) |
| 20:17 | Queue | Conquistador |
| 20:34 | Queue | Conquistador |
| 20:34 | Queue | Conquistador |
| 20:51 | Queue | Villager (Male) |
| 20:55 | Build | Farm |
| 21:01 | Queue | Villager (Male) |
| 21:09 | Build | Town Center |
| 21:18 | Queue | Villager (Male) |
| 21:18 | Queue | Villager (Male) |
| 21:37 | Queue | Conquistador |
| 21:37 | Queue | Conquistador |
| 21:52 | Queue | Villager (Male) |
| 21:54 | Queue | Conquistador |
| 22:05 | Queue | Villager (Male) |
| 22:11 | Queue | Villager (Male) |
| 22:16 | Queue | Villager (Male) |
| 22:24 | Build | Town Center |
| 22:27 | Queue | Villager (Male) |
| 22:28 | Queue | Villager (Male) |
| 22:47 | Queue | Villager (Male) |
| 22:47 | Queue | Villager (Male) |
| 22:54 | Research | Loom |
| 22:56 | Queue | Villager (Male) |
| 22:56 | Queue | Villager (Male) |
| 23:02 | Queue | Villager (Male) |
| 23:26 | Queue | Villager (Male) |
| 23:37 | Queue | Villager (Male) |
| 23:40 | Queue | Villager (Male) |
| 23:48 | Queue | Villager (Male) |
| 23:50 | Build | Barracks |
| 24:01 | Queue | Villager (Male) |
| 24:03 | Research | Wheelbarrow |
Build order — 局長
First 150 of 175 actions detected
| 0:25 | Build | Dock |
| 0:26 | Build | House |
| 0:42 | Build | Town Center |
| 2:53 | Queue | Villager (Male) ×4 |
| 3:18 | Queue | Villager (Male) |
| 4:30 | Research | Loom |
| 4:51 | Queue | Fishing Ship |
| 4:51 | Queue | Fishing Ship |
| 5:06 | Build | House |
| 5:10 | Queue | Villager (Male) |
| 5:20 | Queue | Villager (Male) |
| 6:08 | Queue | Villager (Male) |
| 6:10 | Queue | Fishing Ship |
| 6:37 | Build | House |
| 6:40 | Queue | Villager (Male) |
| 7:03 | Queue | Villager (Male) |
| 7:25 | Queue | Fishing Ship |
| 7:33 | Queue | Villager (Male) |
| 7:34 | Queue | Villager (Male) |
| 7:34 | Queue | Villager (Male) |
| 7:38 | Queue | Fishing Ship |
| 7:44 | Build | House |
| 8:16 | Build | House |
| 8:20 | Queue | Villager (Male) |
| 8:23 | Queue | Villager (Male) |
| 8:38 | Queue | Fishing Ship |
| 8:49 | Queue | Villager (Male) |
| 9:14 | Build | Lumber Camp |
| 9:39 | Queue | Fishing Ship |
| 9:44 | Queue | Villager (Male) ×2 |
| 9:52 | Queue | Villager (Male) ×2 |
| 10:09 | Queue | Villager (Male) |
| 10:30 | Queue | Villager (Male) |
| 10:34 | Queue | Fishing Ship |
| 10:47 | Build | House |
| 10:50 | Build | Dock |
| 11:14 | Queue | Fishing Ship |
| 11:46 | Queue | Villager (Male) |
| 11:50 | Build | House |
| 12:05 | Queue | Villager (Male) |
| 12:10 | Build | Mill |
| 12:18 | Build | House |
| 12:19 | Queue | Fishing Ship |
| 12:26 | Queue | Fishing Ship |
| 12:30 | Queue | Fishing Ship |
| 12:51 | Build | Mining Camp |
| 13:10 | Research | Feudal Age |
| 13:11 | Research | Feudal Age |
| 13:26 | Build | Dock |
| 13:35 | Queue | Fishing Ship |
| 14:16 | Queue | Fishing Ship |
| 14:18 | Queue | Fishing Ship |
| 14:21 | Build | House |
| 14:59 | Queue | Villager (Male) |
| 14:59 | Queue | Villager (Male) |
| 15:20 | Age | Feudal Age |
| 15:25 | Build | Market |
| 15:42 | Build | Blacksmith |
| 16:15 | Research | Castle Age |
| 16:15 | Research | Castle Age |
| 16:15 | Research | Castle Age |
| 16:25 | Research | Double-Bit Axe |
| 16:25 | Research | Double-Bit Axe |
| 16:32 | Build | House |
| 16:36 | Research | Tech 906 |
| 17:04 | Build | House |
| 17:30 | Research | Stone Mining |
| 18:22 | Build | Dock |
| 18:50 | Research | Wheelbarrow |
| 18:55 | Age | Castle Age |
| 18:59 | Research | Town Watch |
| 19:00 | Research | Wheelbarrow |
| 19:13 | Build | Castle |
| 19:23 | Build | Palisade Gate |
| 19:26 | Build | House |
| 19:30 | Build | Stone Wall |
| 20:03 | Queue | Conquistador ×5 |
| 20:06 | Research | Padded Archer Armor |
| 20:09 | Queue | Villager (Male) ×5 |
| 20:27 | Build | Lumber Camp |
| 20:32 | Queue | Conquistador ×3 |
| 20:35 | Queue | Villager (Male) |
| 20:36 | Queue | Villager (Male) |
| 21:14 | Research | Bow Saw |
| 21:23 | Queue | Conquistador |
| 21:28 | Research | Leather Archer Armor |
| 21:35 | Queue | Conquistador |
| 21:35 | Queue | Conquistador |
| 22:24 | Build | Town Center |
| 22:34 | Build | Siege Workshop |
| 22:50 | Queue | Conquistador |
| 23:14 | Research | Fletching |
| 23:41 | Queue | Mangonel |
| 23:41 | Queue | Mangonel |
| 24:15 | Build | Barracks |
| 24:21 | Queue | Villager (Male) ×5 |
| 24:55 | Queue | Conquistador ×2 |
| 25:00 | Build | Stable |
| 25:32 | Queue | Conquistador |
| 25:32 | Queue | Conquistador |
| 25:35 | Research | Husbandry |
| 26:33 | Queue | Battering Ram |
| 26:33 | Queue | Battering Ram |
| 26:54 | Queue | Conquistador ×2 |
| 26:58 | Queue | Villager (Male) ×5 |
| 27:59 | Build | House |
| 28:22 | Build | Mill |
| 28:27 | Research | Bodkin Arrow |
| 28:37 | Research | Bloodlines |
| 28:40 | Queue | Conquistador |
| 28:43 | Queue | Villager (Male) |
| 29:05 | Queue | Conquistador |
| 29:24 | Build | Market |
| 29:30 | Queue | Villager (Male) ×3 |
| 29:52 | Build | Dock |
| 30:01 | Queue | Conquistador |
| 30:11 | Queue | Villager (Male) ×2 |
| 30:17 | Queue | Conquistador ×3 |
| 30:37 | Queue | Villager (Male) |
| 30:58 | Queue | Villager (Male) ×2 |
| 31:10 | Queue | Villager (Male) |
| 31:16 | Queue | Fishing Ship |
| 31:17 | Queue | Fishing Ship |
| 31:18 | Queue | Fishing Ship |
| 31:19 | Queue | Fishing Ship |
| 31:21 | Queue | Fishing Ship |
| 31:21 | Queue | Fishing Ship |
| 31:25 | Research | Gillnets |
| 31:42 | Queue | Villager (Male) ×2 |
| 32:16 | Build | Farm |
| 32:17 | Build | Farm |
| 32:17 | Build | Farm |
| 32:17 | Build | Farm |
| 32:17 | Build | Farm |
| 32:22 | Build | Monastery |
| 32:30 | Queue | Villager (Male) |
| 32:52 | Queue | Villager (Male) ×4 |
| 33:03 | Build | Lumber Camp |
| 33:05 | Build | Mining Camp |
| 33:15 | Queue | Villager (Male) ×3 |
| 33:32 | Queue | Villager (Male) ×5 |
| 33:41 | Queue | Villager (Male) |
| 33:46 | Build | Dock |
| 33:59 | Queue | Villager (Male) ×2 |
| 34:09 | Research | Gold Mining |
| 34:23 | Build | Dock |
| 34:50 | Research | Imperial Age |
| 34:56 | Queue | Missionary |
| 35:03 | Queue | Conquistador ×3 |
| 35:05 | Build | House |
Build order — chiching818
First 150 of 336 actions detected
| 0:07 | Build | House |
| 0:20 | Build | Town Center |
| 1:21 | Build | Dock |
| 2:31 | Queue | Fishing Ship |
| 2:32 | Queue | Fishing Ship |
| 2:32 | Queue | Villager (Male) |
| 2:33 | Queue | Villager (Male) |
| 2:33 | Queue | Villager (Male) |
| 3:04 | Queue | Villager (Male) |
| 3:04 | Queue | Villager (Male) |
| 3:36 | Build | House |
| 4:10 | Queue | Villager (Male) |
| 4:10 | Queue | Villager (Male) |
| 4:33 | Queue | Fishing Ship |
| 4:34 | Queue | Fishing Ship |
| 4:54 | Build | Palisade Wall |
| 5:09 | Build | House |
| 5:14 | Queue | Villager (Male) |
| 5:15 | Queue | Villager (Male) |
| 5:23 | Build | House |
| 5:27 | Queue | Villager (Male) |
| 5:28 | Queue | Villager (Male) |
| 5:50 | Queue | Villager (Male) |
| 5:50 | Queue | Villager (Male) |
| 6:06 | Queue | Fishing Ship |
| 6:06 | Queue | Fishing Ship |
| 6:15 | Build | House |
| 6:17 | Queue | Villager (Male) |
| 6:17 | Queue | Villager (Male) |
| 6:31 | Research | Loom |
| 6:32 | Research | Loom |
| 6:32 | Research | Loom |
| 6:36 | Queue | Villager (Male) |
| 6:36 | Queue | Villager (Male) |
| 6:46 | Queue | Fishing Ship |
| 6:46 | Queue | Fishing Ship |
| 7:08 | Queue | Villager (Male) |
| 7:08 | Queue | Villager (Male) |
| 7:09 | Queue | Villager (Male) |
| 7:18 | Queue | Villager (Male) |
| 7:23 | Build | House |
| 7:26 | Queue | Villager (Male) |
| 7:26 | Queue | Villager (Male) |
| 7:29 | Build | House |
| 7:38 | Queue | Fishing Ship |
| 7:56 | Queue | Villager (Male) |
| 8:20 | Queue | Fishing Ship |
| 8:20 | Queue | Fishing Ship |
| 8:26 | Queue | Villager (Male) |
| 8:55 | Build | Lumber Camp |
| 9:15 | Build | House |
| 9:35 | Research | Feudal Age |
| 9:35 | Research | Feudal Age |
| 9:47 | Queue | Fishing Ship |
| 10:07 | Build | House |
| 10:18 | Build | House |
| 10:30 | Build | Dock |
| 11:12 | Build | Barracks |
| 11:34 | Queue | Villager (Male) |
| 11:40 | Build | Mining Camp |
| 11:46 | Age | Feudal Age |
| 11:46 | Research | Double-Bit Axe |
| 11:47 | Research | Double-Bit Axe |
| 11:54 | Queue | Unit 2626 |
| 12:02 | Queue | Villager (Male) |
| 12:02 | Queue | Villager (Male) |
| 12:24 | Queue | Fishing Ship |
| 12:25 | Queue | Fishing Ship |
| 12:33 | Queue | Villager (Male) |
| 12:38 | Build | House |
| 12:40 | Build | House |
| 12:53 | Build | Stable |
| 13:11 | Queue | Fishing Ship |
| 13:27 | Queue | Villager (Male) |
| 13:27 | Queue | Villager (Male) |
| 13:35 | Build | House |
| 13:50 | Queue | Scout Cavalry |
| 13:52 | Queue | Scout Cavalry |
| 14:16 | Queue | Fishing Ship |
| 14:17 | Queue | Fishing Ship |
| 14:20 | Queue | Villager (Male) |
| 14:20 | Queue | Villager (Male) |
| 14:21 | Queue | Villager (Male) |
| 14:31 | Queue | Scout Cavalry |
| 15:14 | Queue | Scout Cavalry |
| 15:37 | Queue | Villager (Male) |
| 15:37 | Queue | Villager (Male) |
| 16:12 | Research | Bloodlines |
| 16:14 | Build | House |
| 16:17 | Queue | Fishing Ship |
| 16:18 | Queue | Fishing Ship |
| 16:30 | Build | Blacksmith |
| 16:38 | Queue | Villager (Male) |
| 16:38 | Queue | Villager (Male) |
| 16:38 | Queue | Villager (Male) |
| 16:43 | Build | Mill |
| 17:13 | Queue | Fishing Ship |
| 17:13 | Queue | Fishing Ship |
| 17:21 | Build | Dock |
| 17:28 | Queue | Villager (Male) |
| 17:28 | Queue | Villager (Male) |
| 17:41 | Build | Farm |
| 17:41 | Build | Farm |
| 17:42 | Build | Farm |
| 17:44 | Build | Farm |
| 17:45 | Research | Scale Barding Armor |
| 17:46 | Build | House |
| 18:16 | Queue | Scout Cavalry |
| 18:16 | Queue | Scout Cavalry |
| 18:17 | Queue | Spearman |
| 18:17 | Queue | Spearman |
| 18:24 | Queue | Villager (Male) |
| 18:26 | Build | Farm |
| 18:28 | Build | House |
| 18:37 | Queue | Villager (Male) |
| 18:38 | Build | Farm |
| 19:16 | Queue | Spearman |
| 19:20 | Queue | Spearman |
| 19:49 | Queue | Villager (Male) |
| 19:52 | Build | Farm |
| 19:55 | Queue | Fishing Ship |
| 19:55 | Queue | Fishing Ship |
| 20:21 | Queue | Villager (Male) |
| 20:23 | Research | Castle Age |
| 20:23 | Research | Castle Age |
| 20:26 | Build | Farm |
| 20:34 | Research | Horse Collar |
| 20:34 | Research | Horse Collar |
| 20:42 | Queue | Fishing Ship |
| 20:42 | Queue | Fishing Ship |
| 20:59 | Queue | Fishing Ship |
| 21:00 | Queue | Fishing Ship |
| 21:03 | Queue | Villager (Male) |
| 21:06 | Build | Farm |
| 21:07 | Build | Farm |
| 22:02 | Queue | Villager (Male) |
| 22:03 | Queue | Villager (Male) |
| 22:07 | Build | Farm |
| 22:32 | Queue | Villager (Male) |
| 22:38 | Build | Stable |
| 22:43 | Build | House |
| 22:48 | Research | Gold Mining |
| 22:50 | Age | Castle Age |
| 22:53 | Queue | Camel Scout |
| 22:53 | Queue | Camel Scout |
| 22:56 | Research | Chain Barding Armor |
| 22:56 | Research | Chain Barding Armor |
| 23:08 | Build | Siege Workshop |
| 23:43 | Build | Town Center |
| 23:48 | Research | Husbandry |
Build order — PinkPanther
First 150 of 218 actions detected
| 0:14 | Build | House |
| 0:32 | Build | Town Center |
| 1:21 | Build | Dock |
| 2:49 | Queue | Villager (Male) |
| 2:49 | Queue | Villager (Male) |
| 2:49 | Queue | Villager (Male) |
| 3:17 | Queue | Villager (Male) |
| 3:17 | Queue | Villager (Male) |
| 3:18 | Queue | Villager (Male) |
| 3:51 | Queue | Fishing Ship |
| 3:51 | Queue | Fishing Ship |
| 4:00 | Queue | Villager (Male) |
| 4:12 | Build | House |
| 4:46 | Research | Loom |
| 4:47 | Research | Loom |
| 4:48 | Queue | Fishing Ship |
| 5:33 | Queue | Villager (Male) |
| 5:34 | Queue | Villager (Male) |
| 6:08 | Queue | Villager (Male) |
| 6:08 | Queue | Villager (Male) |
| 6:14 | Queue | Fishing Ship |
| 6:40 | Queue | Fishing Ship |
| 6:42 | Build | House |
| 6:56 | Queue | Villager (Male) |
| 6:56 | Queue | Villager (Male) |
| 7:17 | Queue | Fishing Ship |
| 7:17 | Queue | Fishing Ship |
| 7:22 | Queue | Villager (Male) |
| 7:22 | Queue | Villager (Male) |
| 7:23 | Queue | Villager (Male) |
| 7:43 | Build | House |
| 7:49 | Queue | Villager (Male) |
| 8:07 | Queue | Villager (Male) |
| 8:16 | Queue | Villager (Male) |
| 8:24 | Build | Mill |
| 8:25 | Queue | Villager (Male) |
| 8:48 | Queue | Villager (Male) |
| 9:02 | Queue | Fishing Ship |
| 9:19 | Queue | Villager (Male) |
| 9:52 | Build | House |
| 10:03 | Build | Lumber Camp |
| 10:13 | Queue | Villager (Male) |
| 10:29 | Build | Mining Camp |
| 10:46 | Research | Feudal Age |
| 12:10 | Queue | Villager (Male) |
| 12:11 | Queue | Villager (Male) |
| 12:56 | Age | Feudal Age |
| 12:59 | Build | Market |
| 13:05 | Build | Blacksmith |
| 13:27 | Build | House |
| 14:17 | Build | Mining Camp |
| 14:32 | Research | Castle Age |
| 14:32 | Research | Castle Age |
| 15:28 | Build | Barracks |
| 15:54 | Build | House |
| 16:26 | Research | Scale Mail Armor |
| 16:44 | Research | Arson |
| 16:54 | Queue | Villager (Male) |
| 17:12 | Age | Castle Age |
| 17:16 | Research | Chain Mail Armor |
| 17:24 | Queue | Villager (Male) |
| 17:51 | Build | Castle |
| 18:03 | Queue | Villager (Male) |
| 18:31 | Queue | Villager (Male) |
| 18:57 | Queue | Villager (Male) |
| 19:01 | Queue | Woad Raider |
| 19:02 | Queue | Villager (Male) |
| 19:24 | Queue | Woad Raider |
| 19:32 | Queue | Villager (Male) |
| 19:42 | Build | Farm |
| 19:43 | Build | Farm |
| 19:44 | Build | Farm |
| 20:17 | Queue | Woad Raider |
| 20:18 | Research | Forging |
| 20:18 | Research | Forging |
| 20:27 | Queue | Woad Raider |
| 20:27 | Queue | Villager (Male) |
| 20:47 | Queue | Villager (Male) |
| 20:53 | Build | Mill |
| 21:15 | Queue | Woad Raider |
| 21:19 | Queue | Villager (Male) |
| 21:35 | Queue | Woad Raider |
| 21:40 | Queue | Villager (Male) |
| 21:54 | Queue | Woad Raider |
| 22:02 | Queue | Woad Raider |
| 22:12 | Queue | Villager (Male) |
| 22:15 | Research | Double-Bit Axe |
| 22:18 | Queue | Woad Raider |
| 22:21 | Build | House |
| 23:04 | Queue | Villager (Male) |
| 23:16 | Queue | Woad Raider |
| 23:16 | Queue | Woad Raider |
| 23:22 | Queue | Villager (Male) |
| 23:29 | Build | Mill |
| 23:36 | Research | Iron Casting |
| 23:46 | Build | Farm |
| 23:47 | Queue | Villager (Male) |
| 23:55 | Build | House |
| 24:02 | Queue | Woad Raider |
| 24:12 | Queue | Villager (Male) |
| 24:29 | Queue | Woad Raider |
| 24:33 | Queue | Villager (Male) |
| 24:36 | Research | Horse Collar |
| 24:50 | Queue | Woad Raider |
| 24:50 | Queue | Villager (Male) |
| 25:47 | Queue | Woad Raider |
| 25:48 | Research | Fletching |
| 26:21 | Queue | Woad Raider |
| 26:21 | Queue | Woad Raider |
| 26:21 | Queue | Villager (Male) |
| 26:32 | Queue | Woad Raider |
| 26:32 | Queue | Villager (Male) |
| 26:45 | Queue | Woad Raider |
| 26:53 | Queue | Villager (Male) |
| 26:55 | Build | House |
| 27:26 | Queue | Villager (Male) |
| 27:30 | Build | Town Center |
| 27:54 | Queue | Villager (Male) |
| 27:54 | Queue | Villager (Male) |
| 28:03 | Queue | Villager (Male) |
| 28:07 | Queue | Woad Raider |
| 28:07 | Queue | Woad Raider |
| 28:10 | Queue | Villager (Male) |
| 28:18 | Build | Lumber Camp |
| 28:55 | Queue | Villager (Male) |
| 29:00 | Queue | Villager (Male) |
| 29:02 | Build | Farm |
| 29:03 | Build | Farm |
| 29:05 | Build | Farm |
| 29:10 | Queue | Woad Raider |
| 29:10 | Queue | Woad Raider |
| 29:11 | Queue | Villager (Male) |
| 29:19 | Build | Farm |
| 29:20 | Build | Farm |
| 29:21 | Build | Farm |
| 29:21 | Build | Farm |
| 29:32 | Queue | Villager (Male) |
| 29:35 | Research | Wheelbarrow |
| 29:36 | Research | Wheelbarrow |
| 29:40 | Queue | Villager (Male) |
| 29:56 | Queue | Woad Raider |
| 29:57 | Queue | Woad Raider |
| 29:57 | Queue | Woad Raider |
| 29:57 | Queue | Villager (Male) |
| 30:10 | Queue | Villager (Male) |
| 30:11 | Queue | Villager (Male) |
| 30:11 | Queue | Villager (Male) |
| 30:18 | Queue | Woad Raider |
| 30:19 | Queue | Woad Raider |
| 30:26 | Build | House |
Match timeline
| 0:25 | 局長 · first_building Dock |
| 0:44 | 羅敏莊 · first_building Dock |
| 0:55 | [KOF] santander · wall_segment Palisade Wall x1 |
| 1:21 | chiching818 · first_building Dock |
| 1:21 | PinkPanther · first_building Dock |
| 1:40 | [KOF] santander · first_building Dock |
| 1:44 | GrimLOL · first_building Dock |
| 4:52 | [KOF] santander · wall_segment Palisade Wall x1 |
| 4:54 | [KOF] santander · wall_segment Palisade Wall x1 |
| 4:54 | chiching818 · wall_segment Palisade Wall x1 |
| 8:55 | 羅敏莊 · wall_segment Palisade Wall x8 |
| 9:35 | [KOF] santander · wall_segment Palisade Wall x1 |
| 10:05 | [KOF] santander · wall_segment Palisade Wall x1 |
| 10:16 | [KOF] santander · wall_segment Palisade Wall x1 |
| 10:24 | GrimLOL · wall_segment Palisade Wall x2 |
| 10:25 | GrimLOL · wall_segment Palisade Wall x5 |
| 10:39 | 羅敏莊 · wall_segment Palisade Wall x9 |
| 11:06 | [KOF] santander · wall_segment Palisade Wall x1 |
| 11:07 | [KOF] santander · wall_segment Palisade Wall x1 |
| 11:12 | chiching818 · first_building Barracks |
| 11:18 | GrimLOL · wall_segment Palisade Wall x1 |
| 11:46 | chiching818 · age_up feudal |
| 11:48 | GrimLOL · wall_segment Palisade Wall x8 |
| 12:15 | 羅敏莊 · wall_segment Palisade Wall x6 |
| 12:19 | 羅敏莊 · wall_segment Palisade Wall x4 |
| 12:23 | GrimLOL · wall_segment Palisade Wall x8 |
| 12:24 | GrimLOL · wall_segment Palisade Wall x5 |
| 12:27 | GrimLOL · wall_segment Palisade Wall x1 |
| 12:29 | GrimLOL · wall_segment Palisade Wall x2 |
| 12:45 | GrimLOL · wall_segment Palisade Wall x4 |
| 12:53 | chiching818 · first_building Stable |
| 12:56 | PinkPanther · age_up feudal |
| 13:02 | 羅敏莊 · wall_segment Palisade Wall x13 |
| 13:28 | [KOF] santander · age_up feudal |
| 13:37 | GrimLOL · wall_segment Palisade Wall x10 |
| 13:50 | 羅敏莊 · wall_segment Palisade Wall x18 |
| 14:03 | GrimLOL · age_up feudal |
| 14:38 | [KOF] santander · wall_segment Palisade Wall x1 |
| 14:40 | [KOF] santander · wall_segment Palisade Wall x1 |
| 14:42 | GrimLOL · wall_segment Palisade Wall x1 |
| 14:44 | [KOF] santander · wall_segment Palisade Wall x1 |
| 15:10 | [KOF] santander · wall_segment Palisade Wall x1 |
| 15:12 | [KOF] santander · wall_segment Palisade Wall x1 |
| 15:20 | 局長 · age_up feudal |
| 15:22 | [KOF] santander · first_building Barracks |
| 15:25 | 羅敏莊 · wall_segment Palisade Wall x4 |
| 15:28 | PinkPanther · first_building Barracks |
| 15:50 | 羅敏莊 · age_up feudal |
| 15:58 | [KOF] santander · first_building Stable |
| 16:02 | 羅敏莊 · first_building Barracks |
| 16:14 | 羅敏莊 · wall_segment Palisade Wall x11 |
| 16:36 | [KOF] santander · wall_segment Palisade Wall x1 |
| 16:53 | 羅敏莊 · first_building Archery Range |
| 17:02 | [KOF] santander · age_up castle |
| 17:12 | PinkPanther · age_up castle |
| 17:28 | [KOF] santander · wall_segment Palisade Wall x1 |
| 17:51 | PinkPanther · first_building Castle |
| 18:08 | GrimLOL · age_up castle |
| 18:15 | GrimLOL · first_building Castle |
| 18:19 | GrimLOL · first_building Monastery |
| 18:55 | 局長 · age_up castle |
| 19:13 | 局長 · first_building Castle |
| 19:30 | 局長 · wall_segment Stone Wall x1 |
| 20:07 | [KOF] santander · first_market_sell 100 food |
| 20:08 | [KOF] santander · first_market_buy 100 wood |
| 20:10 | 羅敏莊 · age_up castle |
| 22:12 | [KOF] santander · first_building Monastery |
| 22:34 | 局長 · first_building Siege Workshop |
| 22:50 | chiching818 · age_up castle |
| 23:08 | chiching818 · first_building Siege Workshop |
| 23:37 | 局長 · first_market_sell 100 food |
| 23:50 | GrimLOL · first_building Barracks |
| 24:15 | 局長 · first_building Barracks |
| 24:25 | [KOF] santander · first_building Siege Workshop |
| 24:32 | GrimLOL · first_building Stable |
| 25:00 | 局長 · first_building Stable |
| 25:16 | GrimLOL · wall_segment Stone Wall x1 |
| 25:17 | GrimLOL · wall_segment Stone Wall x1 |
| 25:20 | GrimLOL · wall_segment Stone Wall x1 |
| 25:56 | GrimLOL · wall_segment Stone Wall x11 |
| 27:26 | GrimLOL · first_market_buy 100 stone |
| 28:01 | PinkPanther · tribute_sent a jugador 1 |
| 28:01 | PinkPanther · tribute_sent a jugador 2 |
| 28:01 | PinkPanther · tribute_sent a jugador 3 |
| 28:01 | PinkPanther · tribute_sent a jugador 4 |
| 28:01 | PinkPanther · tribute_sent a jugador 5 |
| 29:01 | GrimLOL · wall_segment Stone Wall x1 |
| 29:02 | GrimLOL · wall_segment Stone Wall x1 |
| 30:14 | 局長 · first_market_buy 100 food |
| 32:22 | 局長 · first_building Monastery |
| 33:01 | 羅敏莊 · first_building Castle |
| 35:10 | chiching818 · first_building Castle |
| 35:14 | GrimLOL · first_market_sell 100 wood |
| 36:04 | PinkPanther · wall_segment Stone Wall x11 |
| 36:31 | chiching818 · age_up imperial |
| 36:57 | GrimLOL · age_up imperial |
| 38:00 | 局長 · age_up imperial |
| 38:06 | PinkPanther · resign |
[ AI ANALYSIS · 1 CREDIT ]
What really happened in this match?
Wolo.gg analyzes every decision: build order, eco, micro, common mistakes by bracket. Personalized analysis on WhatsApp or Discord in 30 seconds.
Civ guide
Persians
Perfil
[KOF] santander